3031 views
Uploaded 2020-09-10 08:50:52
Game version 1.32.8
7:33 long 4on4 custom game on (8)Battleground_LV
Game name "w3c-20--2AXnIOjp"
Saved by RTGOD
3031 views
Uploaded 2020-09-10 08:50:52
Game version 1.32.8
7:33 long 4on4 custom game on (8)Battleground_LV
Game name "w3c-20--2AXnIOjp"


65 units @ 7.1k
/ 0.6k
39 buildings @ 6.5k
/ 2k


| Boots of Speed | 1 | 250 |
| Circlet of Nobility | 1 | 175 |
| total: | 2 | 425g |
| Wisp | 14 | 840 | / | 0 |
| Archer | 1 | 130 | / | 10 |
| Druid of the Claw | 1 | 255 | / | 80 |
| Forest Troll Berserker | 1 | 245 | / | 30 |
| total: | 17 | 1470g | / | 120w |
| Altar of Elders | 2 | 360 | / | 100 |
| Moon Well | 3 | 540 | / | 120 |
| Ancient of War | 1 | 150 | / | 60 |
| Ancient of Wonders | 2 | 180 | / | 60 |
| Hunter's Hall | 1 | 210 | / | 100 |
| Ancient of Lore | 2 | 310 | / | 290 |
| Tree of Ages | 1 | 320 | / | 180 |
| Tree of Eternity | 1 | 330 | / | 200 |
| total: | 11 | 1750g | / | 730w |
| 0:01 | Wisp |
| 0:01 | Wisp |
| 0:02 | Altar of Elders |
| 0:05 | Altar of Elders |
| 0:10 | Moon Well |
| 0:25 | Ancient of War |
| 0:31 | Wisp |
| 0:38 | Wisp |
| 0:47 | Wisp |
| 0:57 | Wisp |
| 1:04 | Wisp |
| 1:10 | Wisp |
| 1:17 | Wisp |
| 1:26 | Archer |
| 1:43 | Moon Well |
| 1:49 | Wisp |
| 2:02 | Wisp |
| 2:04 | Mana Burn |
| 2:16 | Wisp |
| 2:23 | Ancient of Wonders |
| 2:45 | Wisp |
| 3:01 | Evasion |
| 3:06 | Tree of Ages |
| 4:03 | Hunter's Hall |
| 5:00 | Boots of Speed |
| 5:01 | Circlet of Nobility |
| 5:24 | Ancient of Wonders |
| 5:42 | Ancient of Lore |
| 5:43 | Ancient of Lore |
| 5:44 | Mana Burn |
| 5:54 | Frost Arrows |
| 5:57 | Wisp |
| 6:01 | Reinforced Hides |
| 6:28 | Moon Well |
| 6:59 | Tree of Eternity |
| 7:10 | Druid of the Claw Adept Training |
| 7:11 | Druid of the Claw |
| 7:34 | Forest Troll Berserker |
| Right click | 601 |
| Select group | 552 |
| Select | 167 |
| Build/train/purchase | 43 |
| Use ability | 27 |
| Assign group | 20 |
| Misc. action | 9 |
| Esc | 2 |
| Item give/drop | 1 |
| Minimap ping | 1 |

| Boots of Speed | 1 | 250 |
| total: | 1 | 250g |
| Wisp | 10 | 600 | / | 0 |
| Archer | 9 | 1170 | / | 90 |
| Forest Troll Shadow Priest | 1 | 195 | / | 10 |
| total: | 20 | 1965g | / | 100w |
| Moon Well | 4 | 720 | / | 160 |
| Ancient of War | 2 | 300 | / | 120 |
| Altar of Elders | 1 | 180 | / | 50 |
| Ancient of Wonders | 1 | 90 | / | 30 |
| Tree of Ages | 1 | 320 | / | 180 |
| Tree of Eternity | 1 | 330 | / | 200 |
| total: | 8 | 1290g | / | 360w |
| 0:03 | Wisp |
| 0:03 | Wisp |
| 0:03 | Wisp |
| 0:37 | Moon Well |
| 0:41 | Wisp |
| 0:41 | Wisp |
| 1:21 | Ancient of War |
| 1:23 | Wisp |
| 1:23 | Wisp |
| 1:38 | Wisp |
| 1:43 | Ancient of War |
| 2:03 | Wisp |
| 2:07 | Altar of Elders |
| 2:19 | Moon Well |
| 2:26 | Archer |
| 2:30 | Wisp |
| 3:03 | Archer |
| 3:09 | Moon Well |
| 3:20 | Pocket Factory |
| 3:24 | Archer |
| 3:33 | Archer |
| 3:42 | Archer |
| 4:11 | Tree of Ages |
| 4:31 | Moon Well |
| 4:46 | Archer |
| 4:59 | Forest Troll Shadow Priest |
| 5:10 | Engineering Upgrade |
| 5:25 | Archer |
| 5:40 | Archer |
| 6:07 | Ancient of Wonders |
| 6:46 | Tree of Eternity |
| 6:48 | Improved Bows |
| 6:52 | Cluster Rockets |
| 7:11 | Boots of Speed |
| 7:18 | Archer |
| Select group | 136 |
| Right click | 135 |
| Select | 96 |
| Misc. action | 68 |
| Build/train/purchase | 32 |
| Assign group | 14 |
| Use ability | 9 |
| Resource trade | 4 |

| Staff of Teleportation | 1 | 150 |
| total: | 1 | 150g |
| Wisp | 11 | 660 | / | 0 |
| Huntress | 6 | 1170 | / | 120 |
| total: | 17 | 1830g | / | 120w |
| Altar of Elders | 2 | 360 | / | 100 |
| Moon Well | 5 | 900 | / | 200 |
| Ancient of War | 2 | 300 | / | 120 |
| Hunter's Hall | 1 | 210 | / | 100 |
| Tree of Ages | 1 | 320 | / | 180 |
| total: | 10 | 1770g | / | 520w |
| 0:01 | Wisp |
| 0:01 | Wisp |
| 0:03 | Altar of Elders |
| 0:05 | Altar of Elders |
| 0:05 | Wisp |
| 0:18 | Moon Well |
| 0:18 | Wisp |
| 0:45 | Wisp |
| 0:50 | Wisp |
| 0:58 | Wisp |
| 1:17 | Wisp |
| 1:31 | Wisp |
| 1:44 | Wisp |
| 1:50 | Ancient of War |
| 1:52 | Hunter's Hall |
| 2:08 | Ancient of War |
| 2:12 | Entangling Roots |
| 2:18 | Moon Well |
| 2:56 | Huntress |
| 3:06 | Ultravision |
| 3:10 | Huntress |
| 3:19 | Huntress |
| 3:33 | Sentinel |
| 3:48 | Staff of Teleportation |
| 4:01 | Moon Well |
| 4:28 | Huntress |
| 4:47 | Wisp |
| 5:04 | Tree of Ages |
| 5:34 | Moon Well |
| 5:34 | Huntress |
| 6:03 | Huntress |
| 6:45 | Moon Well |
| 7:25 | Force of Nature |
| 7:41 | Moon Glaive |
| Right click | 537 |
| Select group | 261 |
| Select | 161 |
| Misc. action | 52 |
| Assign group | 38 |
| Build/train/purchase | 26 |
| Use ability | 17 |
| Resource trade | 4 |
| Chat | 4 |
| Esc | 1 |

| Rod of Necromancy | 3 | 450 |
| Sacrificial Skull | 1 | 50 |
| Potion of Mana | 2 | 400 |
| Scroll of Town Portal | 1 | 350 |
| total: | 7 | 1250g |
| Acolyte | 2 | 150 | / | 0 |
| Ghoul | 2 | 240 | / | 0 |
| Crypt Fiend | 6 | 1290 | / | 240 |
| Forest Troll Shadow Priest | 1 | 195 | / | 10 |
| total: | 11 | 1875g | / | 250w |
| Crypt | 1 | 200 | / | 50 |
| Graveyard | 2 | 430 | / | 0 |
| Altar of Darkness | 1 | 180 | / | 50 |
| Ziggurat | 4 | 600 | / | 200 |
| Tomb of Relics | 2 | 260 | / | 60 |
| Halls of the Dead | 1 | 320 | / | 210 |
| Black Citadel | 1 | 325 | / | 230 |
| total: | 10 | 1670g | / | 360w |
| 0:01 | Acolyte |
| 0:04 | Crypt |
| 0:09 | Graveyard |
| 0:14 | Graveyard |
| 0:18 | Acolyte |
| 0:39 | Altar of Darkness |
| 0:45 | Ziggurat |
| 1:07 | Ghoul |
| 1:09 | Tomb of Relics |
| 1:10 | Tomb of Relics |
| 1:41 | Crypt Fiend |
| 1:43 | Ziggurat |
| 2:02 | Crypt Fiend |
| 2:36 | Crypt Fiend |
| 2:39 | Rod of Necromancy |
| 2:43 | Sacrificial Skull |
| 2:45 | Death Coil |
| 3:11 | Crypt Fiend |
| 3:18 | Backpack |
| 3:28 | Unholy Aura |
| 3:51 | Rod of Necromancy |
| 3:53 | Halls of the Dead |
| 4:01 | Ghoul |
| 4:32 | Ziggurat |
| 4:34 | Death Coil |
| 4:48 | Creature Attack |
| 4:50 | Forest Troll Shadow Priest |
| 5:25 | Crypt Fiend |
| 5:54 | Crypt Fiend |
| 5:57 | Rod of Necromancy |
| 6:04 | Ziggurat |
| 6:45 | Potion of Mana |
| 6:46 | Potion of Mana |
| 7:17 | Black Citadel |
| 7:43 | Scroll of Town Portal |
| Right click | 429 |
| Select group | 303 |
| Select | 182 |
| Misc. action | 82 |
| Assign group | 69 |
| Build/train/purchase | 55 |
| Use ability | 17 |
| Item give/drop | 2 |
| Esc | 1 |
| Minimap ping | 1 |
65 units @ 7.7k
/ 0.8k
44 buildings @ 6k
/ 2k


| Scroll of Regeneration | 1 | 100 |
| total: | 1 | 100g |
| Peasant | 9 | 675 | / | 0 |
| Footman | 4 | 540 | / | 0 |
| Rifleman | 5 | 1025 | / | 150 |
| Forest Troll Shadow Priest | 1 | 195 | / | 10 |
| total: | 19 | 2435g | / | 160w |
| Scout Tower | 1 | 30 | / | 20 |
| Arcane Tower | 1 | 70 | / | 50 |
| Altar of Kings | 1 | 180 | / | 50 |
| Farm | 5 | 400 | / | 100 |
| Barracks | 1 | 160 | / | 60 |
| Blacksmith | 1 | 140 | / | 60 |
| Lumber Mill | 1 | 120 | / | 0 |
| Arcane Vault | 1 | 130 | / | 30 |
| Arcane Sanctum | 1 | 150 | / | 140 |
| Keep | 1 | 320 | / | 210 |
| total: | 12 | 1310g | / | 460w |
| 0:03 | Peasant |
| 0:03 | Peasant |
| 0:06 | Altar of Kings |
| 0:19 | Farm |
| 0:20 | Barracks |
| 0:21 | Peasant |
| 0:36 | Peasant |
| 0:48 | Peasant |
| 1:04 | Farm |
| 1:14 | Peasant |
| 1:21 | Footman |
| 1:26 | Scout Tower |
| 1:32 | Footman |
| 1:39 | Farm |
| 1:57 | Footman |
| 1:59 | Peasant |
| 2:05 | Summon Water Elemental |
| 2:07 | Arcane Tower |
| 2:43 | Brilliance Aura |
| 2:47 | Peasant |
| 2:48 | Peasant |
| 2:48 | Footman |
| 2:56 | Blacksmith |
| 3:26 | Keep |
| 3:43 | Farm |
| 4:09 | Rifleman |
| 4:09 | Rifleman |
| 5:01 | Farm |
| 5:03 | Lumber Mill |
| 5:05 | Arcane Vault |
| 5:50 | Rifleman |
| 5:51 | Rifleman |
| 6:01 | Forest Troll Shadow Priest |
| 6:35 | Long Rifles |
| 6:37 | Arcane Sanctum |
| 6:43 | Scroll of Regeneration |
| 7:15 | Thunder Clap |
| 7:25 | Rifleman |
| Right click | 519 |
| Select group | 320 |
| Chat | 234 |
| Select | 192 |
| Assign group | 53 |
| Build/train/purchase | 46 |
| Misc. action | 12 |
| Use ability | 4 |
| Item give/drop | 1 |
| Remove unit | 1 |

| Scroll of Town Portal | 1 | 350 |
| total: | 1 | 350g |
| Wisp | 10 | 600 | / | 0 |
| Archer | 5 | 650 | / | 50 |
| Druid of the Claw | 1 | 255 | / | 80 |
| Forest Troll Berserker | 1 | 245 | / | 30 |
| total: | 17 | 1750g | / | 160w |
| Altar of Elders | 2 | 360 | / | 100 |
| Moon Well | 4 | 720 | / | 160 |
| Ancient of War | 1 | 150 | / | 60 |
| Hunter's Hall | 1 | 210 | / | 100 |
| Ancient of Wonders | 1 | 90 | / | 30 |
| Ancient of Lore | 2 | 310 | / | 290 |
| Tree of Ages | 1 | 320 | / | 180 |
| Tree of Eternity | 1 | 330 | / | 200 |
| total: | 11 | 1840g | / | 740w |
| 0:01 | Wisp |
| 0:01 | Altar of Elders |
| 0:03 | Wisp |
| 0:04 | Altar of Elders |
| 0:10 | Moon Well |
| 0:13 | Wisp |
| 0:39 | Wisp |
| 0:49 | Ancient of War |
| 0:54 | Wisp |
| 0:54 | Wisp |
| 0:59 | Wisp |
| 1:07 | Wisp |
| 1:14 | Wisp |
| 1:29 | Moon Well |
| 1:50 | Archer |
| 2:01 | Force of Nature |
| 2:21 | Archer |
| 2:24 | Wisp |
| 2:38 | Tree of Ages |
| 2:40 | Archer |
| 3:00 | Hunter's Hall |
| 3:14 | Archer |
| 3:36 | Entangling Roots |
| 4:16 | Forest Troll Berserker |
| 4:55 | Force of Nature |
| 5:02 | Ancient of Lore |
| 5:02 | Ancient of Lore |
| 5:10 | Moon Well |
| 5:11 | Moon Well |
| 5:12 | Ancient of Wonders |
| 5:25 | Archer |
| 5:50 | Tree of Eternity |
| 5:57 | Scroll of Town Portal |
| 6:32 | Druid of the Claw Adept Training |
| 6:48 | Druid of the Claw |
| Right click | 311 |
| Select group | 238 |
| Select | 221 |
| Misc. action | 127 |
| Chat | 68 |
| Build/train/purchase | 30 |
| Assign group | 25 |
| Use ability | 13 |
| Resource trade | 9 |
| Minimap ping | 3 |

| Lesser Clarity Potion | 3 | 210 |
| Healing Salve | 1 | 100 |
| total: | 4 | 310g |
| Peasant | 8 | 600 | / | 0 |
| Rifleman | 6 | 1230 | / | 180 |
| Mortar Team | 2 | 360 | / | 140 |
| total: | 16 | 2190g | / | 320w |
| Scout Tower | 1 | 30 | / | 20 |
| Arcane Tower | 1 | 70 | / | 50 |
| Altar of Kings | 1 | 180 | / | 50 |
| Farm | 5 | 400 | / | 100 |
| Blacksmith | 1 | 140 | / | 60 |
| Barracks | 1 | 160 | / | 60 |
| Arcane Vault | 1 | 130 | / | 30 |
| Lumber Mill | 1 | 120 | / | 0 |
| Workshop | 1 | 140 | / | 140 |
| Keep | 1 | 320 | / | 210 |
| total: | 12 | 1300g | / | 460w |
| 0:02 | Peasant |
| 0:04 | Peasant |
| 0:29 | Peasant |
| 0:34 | Altar of Kings |
| 0:41 | Peasant |
| 0:45 | Farm |
| 0:52 | Blacksmith |
| 0:59 | Barracks |
| 0:59 | Peasant |
| 1:16 | Peasant |
| 1:20 | Farm |
| 1:28 | Peasant |
| 1:46 | Peasant |
| 2:04 | Rifleman |
| 2:10 | Scout Tower |
| 2:13 | Farm |
| 2:31 | Rifleman |
| 2:35 | Holy Light |
| 2:49 | Arcane Tower |
| 2:57 | Rifleman |
| 3:31 | Keep |
| 3:46 | Rifleman |
| 3:56 | Black Gunpowder |
| 4:14 | Devotion Aura |
| 4:18 | Arcane Vault |
| 4:23 | Farm |
| 4:55 | Farm |
| 5:03 | Studded Leather Armor |
| 5:04 | Rifleman |
| 5:30 | Holy Light |
| 5:42 | Lesser Clarity Potion |
| 5:42 | Healing Salve |
| 5:55 | Long Rifles |
| 6:03 | Lesser Clarity Potion |
| 6:31 | Workshop |
| 6:34 | Lumber Mill |
| 6:59 | Rifleman |
| 7:41 | Mortar Team |
| 7:41 | Mortar Team |
| 7:42 | Lesser Clarity Potion |
| Select group | 366 |
| Right click | 214 |
| Select | 98 |
| Misc. action | 39 |
| Build/train/purchase | 36 |
| Chat | 31 |
| Assign group | 15 |
| Use ability | 10 |
| Item give/drop | 2 |

| Dust of Appearance | 1 | 75 |
| total: | 1 | 75g |
| Peon | 7 | 525 | / | 0 |
| Troll Headhunter | 6 | 840 | / | 120 |
| total: | 13 | 1365g | / | 120w |
| Altar of Storms | 1 | 180 | / | 50 |
| Orc Burrow | 4 | 640 | / | 160 |
| War Mill | 1 | 205 | / | 0 |
| Barracks | 2 | 360 | / | 100 |
| Voodoo Lounge | 1 | 130 | / | 30 |
| Stronghold | 1 | 315 | / | 190 |
| Fortress | 1 | 325 | / | 190 |
| total: | 9 | 1515g | / | 340w |
| 0:02 | Peon |
| 0:02 | Peon |
| 0:07 | Altar of Storms |
| 0:17 | Orc Burrow |
| 0:30 | Peon |
| 0:46 | Peon |
| 1:01 | Peon |
| 1:04 | War Mill |
| 1:15 | Barracks |
| 1:27 | Orc Burrow |
| 1:37 | Peon |
| 1:53 | Peon |
| 2:08 | Feral Spirit |
| 2:19 | Barracks |
| 2:23 | Troll Headhunter |
| 3:02 | Stronghold |
| 3:14 | Orc Burrow |
| 3:18 | Troll Headhunter |
| 3:44 | Troll Headhunter |
| 4:05 | Orc Burrow |
| 4:13 | Voodoo Lounge |
| 5:05 | Dust of Appearance |
| 5:06 | Troll Headhunter |
| 6:27 | Fortress |
| 6:28 | Troll Headhunter |
| 6:49 | Troll Headhunter |
| Right click | 410 |
| Chat | 190 |
| Select | 116 |
| Select group | 83 |
| Minimap ping | 68 |
| Assign group | 51 |
| Build/train/purchase | 30 |
| Misc. action | 5 |
| Use ability | 1 |
⇛